 Dungeon Crawl Stone Soup version 0.30-a0-341-g682706514a (webtiles) character file.

Game seed: 11150272710675182573

2261 Lanoc the Arsonist (level 9, -4/56 (62) HPs)
             Began as a Hill Orc Fire Elementalist on Nov 4, 2022.
             Was an Initiate of Gozag.
             Slain by a wight
             ... wielding a +0 dire flail
              (12 damage)
             ... on level 6 of the Dungeon.
             The game lasted 00:13:53 (7655 turns).

Lanoc the Arsonist (Hill Orc Fire Elementalist)     Turns: 7655, Time: 00:13:54

HP:   -4/56 (62)    AC:  7    Str: 11    XL:     9   Next: 38%
MP:   1/11          EV: 11    Int: 25    God:    Gozag
Gold: 1005          SH:  3    Dex: 11    Spells: 4/11 levels left

rFire   + + .      SeeInvis .    h - staff of fire
rCold   . . .      Faith    .    j - +0 buckler
rNeg    . . .      Spirit   .    a - +0 robe
rPois   .          Reflect  .    (no helmet)
rElec   .          Harm     .    q - +0 cloak
rCorr   .          Rampage  .    f - +1 pair of gloves
Will    .....                    u - +1 pair of boots
Stlth   ++........               (no amulet)
HPRegen 0.29/turn                i - ring of protection from fire
MPRegen 0.12/turn                v - +6 ring of intelligence

@: drained, unable to read
A: inability to read after injury 1
a: Renounce Religion, Potion Petition, Call Merchant, Bribe Branch


You were on level 6 of the Dungeon.
You worshipped Gozag.
Gozag was most pleased with you.
You visited 2 branches of the dungeon, and saw 8 of its levels.
You also visited: Sewer.

You collected 1055 gold pieces.
You paid 50 gold pieces to Gozag.

Inventory:

Hand Weapons
 l - a +0 dagger of electrocution
Armour
 a - a +0 robe (worn)
 f - a +1 pair of gloves (worn)
 j - a +0 buckler (worn)
 q - a +0 cloak (worn)
 u - a +1 pair of boots (worn)
Magical Staves
 d - a staff of conjuration
 h - a staff of fire (weapon)
Jewellery
 i - a ring of protection from fire (left hand)
 v - a +6 ring of intelligence (right hand)
Wands
 t - a wand of polymorph (8)
Scrolls
 e - 2 scrolls of fear {unknown}
 g - 2 scrolls of blinking {unknown}
 m - 7 scrolls of teleportation
 o - 2 scrolls of brand weapon
 r - a scroll of poison
 w - a scroll of immolation {unknown}
 y - a scroll of enchant armour {unknown}
Potions
 b - 3 potions of magic
 c - a potion of heal wounds
 k - a potion of might
 n - 4 potions of brilliance
 p - 5 potions of flight
 s - a potion of resistance
 x - a potion of curing


   Skills:
 - Level 1.5 Dodging
 - Level 1.5 Stealth
 - Level 1.5 Spellcasting
 - Level 1.0 Conjurations
 * Level 13.6 Fire Magic


You had 4 spell levels left.
You knew the following spells:

 Your Spells              Type           Power      Damage    Failure   Level
a - Foxfire               Conj/Fire      100%       2x1d9     1%          1
b - Flame Wave            Conj/Fire      55%        2d13      8%          4
d - Scorch                Fire           100%       2d10      1%          2

Your spell library contained the following spells:

 Spells                   Type           Power      Damage    Failure   Level
 Inner Flame              Hex/Fire       52%        N/A       3%          3
 Kindle Blastsparks       Fire/Tloc/Air  72%        2d16      8%          3
 Airstrike                Air            0%         2d(1-17)  85%         4
 Summon Lightning Spire   Summ/Air       1%         N/A       85%         4
 Fireball                 Conj/Fire      27%        3d12      22%         5
 Starburst                Conj/Fire      27%        6d9       77%         6
 Iskenderun's Battlesphe  Conj           7%         2d6       96%         5
 Lightning Bolt           Conj/Air       2%         1d13      98%         5
 Iron Shot                Conj/Erth      2%         9d2       100%        6
 Spellforged Servitor     Conj/Summ      2%         N/A       100%        7


Dungeon Overview and Level Annotations

Branches:
Dungeon (7/15)             Temple (1/1) D:4           Sewer (visited)

Altars:
Ashenzari
Dithmenos
Gozag
Hepliaklqana
Nemelex Xobeh
Trog
Wu Jian
Xom
The Shining One

Annotations:
D:4 Hybrs's ghost, novice OgGl
D:6 4 runed translucent doors


Innate Abilities, Weirdness & Mutations

You occasionally lose the ability to read scrolls when taking damage.


Message History

The wight is heavily damaged.
The foxfire hits the wight but does no damage.
The wight is heavily damaged.
The wight misses you. The wight closely misses you.
You feel a surge of power!
You conjure some foxfire!
Your foxfire dissipates!
The wight hits you with a +0 hand axe.
You feel drained. The wight closely misses your foxfire.
You hit the wight.
The wight is almost destroyed.
The foxfire hits the wight.
The wight is almost destroyed.
The foxfire hits the wight.
You destroy the wight!
Your life force feels restored.
The wight hits you with a +0 dire flail!
You climb upwards.
Level annotation: 4 runed translucent doors
There is a stone staircase leading down here.
You barely miss the wight.
The wight hits you with a +0 dire flail!
You feel drained.
You closely miss the wight.
The wight hits you with a +0 dire flail. x2
You feel drained. The wight attacks as you move away!
The wight barely misses you.
You are too injured to fight recklessly!
Casting: Foxfire (safe; 1% risk of failure)
Confirm with . or Enter, or press ? or * to list all spells.
You feel a surge of power!
You conjure some foxfire!
The wight hits you with a +0 dire flail!
You feel threatened and lose the ability to read scrolls!
* * * LOW HITPOINT WARNING * * *
You feel drained.
* * * LOW HITPOINT WARNING * * *
The foxfire hits the wight but does no damage. x2
The wight attacks as you move away!
The wight hits you with a +0 dire flail!
You die...
Your body crumbles into a pile of gold.

#.....).#####.##..>....# #####
#..####.# #.##.#####.# #....
##..# #.# #.##.# #.#####.###
....# #.#####....# #.......#
###.# #....#####.# #.####### #.#
####.# #.#####.# #.# #.#
#.......# ###.#
###.#####z..######
....#####.......@ยง.......#
.......<..............##.#
.....................###.#
.########.#######...####.########
.# #....)....###................
.# #.#.#.#.#(#.............#####
.#####.......####.######.##.#
.#...###.#.###....# #.##.#
.#.###.......###### #.##.#


You could see a wight.

Vanquished Creatures
  An unseen horror (D:6)
  A steam dragon (D:6)
  A water moccasin (D:6)
  A black bear (D:5)
  A centaur (D:6)
  2 ogres (D:6)
  3 phantoms (D:5)
  2 bullfrogs (D:6)
  A scorpion (D:6)
  A wight (D:7)
  3 howler monkeys
  6 hounds
  An orc priest (D:6)
  2 jellies (D:6)
  A gnoll bouda (D:7)
  7 iguanas
  A merfolk siren (Sewer)
  3 orc wizards (D:4)
  A merfolk avatar (Sewer)
  3 gnolls (D:7)
  9 adders
  2 river rats (Sewer)
  4 white imps
  An ufetubus (D:5)
  2 worms
  3 dart slugs
  10 orcs
  3 endoplasms
  3 giant cockroaches
  4 hobgoblins
  3 jackals (D:5)
  7 quokkas
  8 ball pythons
  5 bats
  7 frilled lizards
  4 goblins
  10 kobolds
  24 rats
  A spectral kobold (D:3)
152 creatures vanquished.

Vanquished Creatures (others)
  433 foxfires
  18 plants (D:4)
451 creatures vanquished.

Grand Total: 603 creatures vanquished

Notes
Turn   | Place    | Note
-------+----------+-------------------------------------------
     0 | D:1      | Lanoc the Hill Orc Fire Elementalist began the quest for
                  | the Orb.
     0 | D:1      | Reached XP level 1. HP: 14/14 MP: 3/3
   117 | D:1      | Reached skill level 4 in Fire Magic
   117 | D:1      | Reached XP level 2. HP: 19/20 MP: 0/4
   689 | D:1      | Reached XP level 3. HP: 26/26 MP: 1/5
  1336 | D:2      | Reached skill level 5 in Fire Magic
  1531 | D:2      | Reached XP level 4. HP: 29/33 MP: 2/6
  2099 | D:3      | Found a hazy altar of Hepliaklqana.
  2275 | D:3      | Found an ornate altar of the Wu Jian Council.
  2402 | D:3      | Found an opulent altar of Gozag.
  2604 | D:3      | Became a worshipper of Gozag Ym Sagoz the Greedy
  2702 | D:4      | Gained mutation: You occasionally lose the ability to read
                  | scrolls when taking damage. [potion of mutation]
  2718 | D:4      | Learned a level 2 spell: Scorch
  2871 | D:4      | Reached skill level 6 in Fire Magic
  2871 | D:4      | Reached XP level 5. HP: 38/38 MP: 2/7
  2929 | D:4      | Found a runed translucent door.
  3096 | D:4      | Reached skill level 7 in Fire Magic
  3191 | D:4      | Found a shimmering altar of Xom.
  3204 | D:4      | Reached XP level 6. HP: 45/45 MP: 3/8
  3264 | D:4      | Found a shadowy altar of Dithmenos.
  3783 | D:4      | Found a staircase to the Ecumenical Temple.
  3790 | Temple   | Entered the Ecumenical Temple
  3855 | D:4      | Noticed Hybrs's ghost (novice OgGl)
  3878 | D:5      | Entered Level 5 of the Dungeon
  3928 | D:5      | Reached skill level 8 in Fire Magic
  4041 | D:5      | Reached XP level 7. HP: 47/50 MP: 0/9
  4041 | D:5      | Found a glowing drain.
  4203 | Sewer    | Entered a sewer
  4404 | Sewer    | Reached skill level 9 in Fire Magic
  4513 | Sewer    | Learned a level 4 spell: Flame Wave
  5599 | D:5      | Reached skill level 10 in Fire Magic
  5599 | D:5      | Reached XP level 8. HP: 57/57 MP: 3/10
  5853 | D:6      | Found a large runed translucent door.
  5854 | D:6      | Found a large runed translucent door.
  5858 | D:6      | Found a large runed translucent door.
  5858 | D:6      | Found a large runed translucent door.
  5860 | D:6      | Noticed a kobold demonologist
  5860 | D:6      | Noticed a troll
  6000 | D:5      | Reached skill level 11 in Fire Magic
  6552 | D:6      | Reached skill level 12 in Fire Magic
  6612 | D:6      | Found a bloodstained altar of Trog.
  6733 | D:6      | Reached XP level 9. HP: 62/62 MP: 4/11
  6993 | D:6      | Killed an unseen horror
  6994 | D:6      | Reached skill level 13 in Fire Magic
  7655 | D:6      | Slain by a wight

Illustrated notes

Levels and vault maps discovered:
D:1:      erik_arrival_orb_chamber, layout_basic
D:2:      layout_basic
D:3:      layout_loops_ring, pdpol_wu_jian_five_deadly_venoms,
          nicolae_hepliaklqana_monster_ancestors,
          mainiacjoe_overflow_surrounded_room
D:4:      layout_loops_cross, nicolae_overflow_crystal_walls,
          nicolae_dithmenos_through_a_glass_darkly, temple_green,
          ebering_ghost_sewer_d, serial_bayou_lagoon_b
D:5:      layout_basic, cheibrodos_sewer_entry_drain
D:6:      minmay_spotlight, layout_loops_ring, mainiacjoe_overflow_alcove_1,
          minmay_hollow_rounded_squares
D:7:      layout_loops_ring, mainiacjoe_overflow_paths,
          nicolae_ru_great_annihilating_truth, serial_shops, shop,
          roderic_serpentine_path, chequers_serial_rivers_marsh,
          uniq_crazy_yiuf_cottage
Temple:   nicolae_temple_bog_church

Skill      XL: |  1  2  3  4  5  6  7  8  9 |
---------------+----------------------------+-----
Fire Magic     | 4 5 6 7 8 10 12 13 | 13.6
Dodging        | |  1.5
Stealth        | |  1.5
Spellcasting   | |  1.5
Conjurations   | |  1.0

Action                   |  1- 3 |  4- 6 |  7- 9 || total
-------------------------+-------+-------+-------++-------
Melee: Unarmed           |    31 |       |       ||    31
       Punch             |     1 |       |       ||     1
       Dagger            |     1 |    52 |    39 ||    92
       Staff             |       |       |    20 ||    20
 Cast: Foxfire           |    69 |    71 |   107 ||   247
       Scorch            |       |     7 |    35 ||    42
       Flame Wave        |       |       |     5 ||     5
  Use: Potion            |       |     4 |     1 ||     5
       Scroll            |       |     9 |       ||     9
 Stab: Sleeping          |       |     2 |       ||     2
Armor: Robe              |     8 |    10 |    31 ||    49
Dodge: Dodged            |    23 |    51 |    51 ||   125
Block: Buckler           |       |       |     9 ||     9

Table legend: (Time is in decaauts)
 A = Elapsed time spent in this place.
 B = Non-inter-level travel time spent in this place.
 C = Inter-level travel time spent in this place.
 D = Time resting spent in this place.
 E = Time spent auto-exploring this place.
 F = Levels seen in this place.
 G = Mean time per level.
                   A        B        C        D        E       F      G
               +--------+--------+--------+--------+--------+-----+--------+
         Total |   7738 |   7564 |    174 |    271 |   6112 |   9 |  859.8 |
       Dungeon |   6966 |   6792 |    174 |    240 |   5615 |   7 |  995.1 |
        Temple |      1 |      1 |      0 |      0 |      0 |   1 |    1.0 |
         Sewer |    770 |    770 |      0 |     31 |    496 |   1 |  770.0 |
               +--------+--------+--------+--------+--------+-----+--------+

Top non-repeatable levels by time:
     D:6: 1817 daAuts
     D:4: 1264 daAuts
     D:5: 1220 daAuts
     D:3: 981 daAuts
     D:2: 829 daAuts
     D:1: 825 daAuts
   Sewer: 770 daAuts
     D:7: 28 daAuts
  Temple: 1 daAuts
